 Dungeon Crawl Stone Soup version 0.20.0 (webtiles) character file.

5263 Llamajah the Blocker (level 10, -18/132 HPs)
             Began as a Minotaur Fighter on July 18, 2017.
             Was an Elder of Okawaru.
             Killed from afar by a tengu conjurer (23 damage)
             ... with a bolt of lightning
             ... on level 9 of the Dungeon.
             The game lasted 00:21:36 (8664 turns).

Llamajah the Blocker (Minotaur Fighter)             Turns: 8664, Time: 00:21:38

Health: -18/132    AC: 13    Str: 26    XL:     10   Next: 36%
Magic:  9/9        EV: 13    Int: 14    God:    Okawaru [****..]
Gold:   521        SH: 21    Dex: 19    Spells: 9/9 levels left

rFire    . . .     SeeInvis .   E - +0 broad axe
rCold    . . .     Gourm    .   c - +0 shield
rNeg     . . .     Faith    .   d - +0 chain mail of Loss {Int+3}
rPois    .         Spirit   .   (helmet restricted)
rElec    .         Reflect  +   (no cloak)
rCorr    .         Harm     .   (no gloves)
MR       .....                  C - +0 pair of boots
Stlth    ..........             b - brooch of Shielding {Reflect SH+8}
Regen    0.4/turn               F - +6 ring of intelligence
MPRegen  0.2/turn               H - +6 ring of dexterity

@: berserking (expiring), very quick
A: retaliatory headbutt, horns 2
a: Heroism, Renounce Religion


You were on level 9 of the Dungeon.
You worshipped Okawaru.
Okawaru was greatly pleased with you.
You were not hungry.

You visited 2 branches of the dungeon, and saw 10 of its levels.

You collected 521 gold pieces.

Inventory:

Hand Weapons
 E - a +0 broad axe (weapon)
Armour
 c - a +0 shield (worn)
 d - the +0 chain mail of Loss (worn) {Int+3}
   (You found it on level 4 of the Dungeon)

   It affects your intelligence (+3).
 C - a +0 pair of boots (worn)
Jewellery
 b - the brooch of Shielding (around neck) {Reflect SH+8}
   (You found it on level 6 of the Dungeon)

   [amulet of reflection]

   It shields you and reflects attacks.
   It affects your SH (+8).
 e - a +4 ring of intelligence
 A - an uncursed ring of protection from cold
 F - a +6 ring of intelligence (left hand)
 G - an uncursed amulet of regeneration
 H - a +6 ring of dexterity (right hand)
Wands
 a - a wand of random effects (23/48)
 h - a wand of iceblast (11/15)
Scrolls
 l - 3 scrolls of teleportation
 n - 4 scrolls of remove curse
 p - 2 scrolls of fog {unknown}
 r - 3 scrolls of magic mapping {unknown}
 s - a scroll of enchant weapon {unknown}
 x - a scroll of noise {unknown}
 y - 3 scrolls of fear {unknown}
 z - 2 scrolls of blinking {unknown}
 B - 3 scrolls of amnesia {unknown}
 D - a scroll of immolation {unknown}
 J - 3 scrolls of recharging {unknown}
Potions
 j - 2 potions of lignification
 k - a potion of haste
 m - 3 potions of brilliance
 o - a potion of agility
 q - 2 potions of magic
 t - a potion of heal wounds {unknown}
 u - 2 potions of mutation
 K - a potion of curing
Comestibles
 f - 8 bread rations
 g - 4 meat rations
 i - 3 fruits
 w - 8 royal jellies


   Skills:
 + Level 8.0 Fighting
 + Level 6.4 Axes
 * Level 9.9 Armour
 * Level 8.4 Dodging
 * Level 9.9 Shields


You had 9 spell levels left.
You didn't know any spells.

Dungeon Overview and Level Annotations

Branches:
Dungeon (9/15)             Temple (1/1) D:4            Lair (0/6) D:8
    Orc: D:9-12

Altars:
Ashenzari
Cheibriados
Dithmenos
Elyvilon
Fedhas
Gozag
Hepliaklqana
Kikubaaqudgha
Makhleb
Nemelex Xobeh
Okawaru
Qazlal
Ru
Sif Muna
Trog
Uskayaw
Vehumet
Xom
Yredelemnul
Zin
The Shining One

Annotations:
D:8 digitCruncher's ghost, novice DsBe


Innate Abilities, Weirdness & Mutations

You reflexively headbutt those who attack you in melee.
You have a pair of horns on your head.


Message History

The tengu conjurer hits you but does no damage.
The tengu conjurer pecks you but does no damage.
The tengu conjurer claws you but does no damage.
You block the black bear's attack. x2; The black bear claws you.
* * * LOW HITPOINT WARNING * * *
You barely miss the tengu conjurer.
The tengu conjurer is moderately wounded.
You completely miss the black bear. You block the black bear's attack.
The black bear closely misses you.
The black bear claws you but does no damage.
You block the tengu conjurer's attack. The tengu conjurer closely misses you.
The tengu conjurer claws you but does no damage.
You slash the black bear!
You kill the black bear!
Okawaru accepts your kill.
Your Fighting skill increases to level 8!
You barely miss the tengu conjurer.
The tengu conjurer points at you and mumbles some strange words.
The bolt of lightning hits you!
You die...

...............#. #.
#.........[...... #.
#..##..###.#.<... # #..
#..##.....###....
#.#...##..##.####.#.#...
#...#........# ##.##...
#...##..#### #.##...
#.*.....#### #.##...
#...Q@.....#####.###..
##.####..........# #..
#. ####.#########.. #
#............
###########.. #.. #..


You could see a tengu conjurer and a battlesphere.

Vanquished Creatures
  Psyche (D:8)
  The ghost of Llamajah the Covered, an amateur MiFi of Okawaru (D:4)
  Grinder (D:5)
  A hippogriff (D:8)
  Sigmund (D:3)
  A wyvern (D:9)
  A hungry ghost (D:8)
  A water moccasin (D:8)
  3 porcupines (D:8)
  2 orc warriors (D:8)
  2 sky beasts (D:6)
  2 black bears
  2 necrophages (D:8)
  5 ogres
  A phantom (D:9)
  2 centaurs (D:6)
  2 big kobolds
  A bullfrog (D:7)
  A gnoll sergeant (D:6)
  4 wights (D:6)
  6 howler monkeys (D:8)
  3 crimson imps
  3 bullfrog zombies
  2 orc priests
  3 hounds
  A jelly (D:8)
  2 gnoll shamans
  8 orc wizards
  3 iguanas
  Natasha (thrice) (D:4)
  8 worker ants
  A killer bee zombie (D:8)
  A hound zombie (D:8)
  A hound skeleton (D:7)
  Robin (D:4)
  11 gnolls
  10 adders
  A shadow imp (D:7)
  An ooze (D:4)
  An adder skeleton (D:7)
  6 worms
  A dart slug (D:2)
  5 leopard geckos
  22 orcs
  8 bats
  3 giant cockroaches
  16 goblins
  10 hobgoblins
  2 jackals (D:6)
  4 quokkas
  A ball python (D:3)
  4 frilled lizards
  19 kobolds
  2 leopard gecko skeletons (D:4)
  A leopard gecko zombie (D:8)
  5 rats
  3 fungi
  A plant (D:8)
218 creatures vanquished.

Vanquished Creatures (others)
  A centaur (D:8)
  3 fungi (D:8)
4 creatures vanquished.

Grand Total: 222 creatures vanquished

Notes
Turn   | Place    | Note
-------+----------+-------------------------------------------
     0 | D:1      | Llamajah the Minotaur Fighter began the quest for the Orb.
     0 | D:1      | Reached XP level 1. HP: 19/19 MP: 0/0
   369 | D:1      | Reached skill level 1 in Dodging
   509 | D:1      | Reached XP level 2. HP: 25/27 MP: 1/1
  1089 | D:2      | Found a sparkling altar of Nemelex Xobeh.
  1357 | D:2      | Reached XP level 3. HP: 33/33 MP: 2/2
  2014 | D:3      | Reached XP level 4. HP: 27/40 MP: 3/3
  2399 | D:3      | Noticed Sigmund
  2412 | D:3      | Killed Sigmund
  2412 | D:3      | Reached skill level 5 in Armour
  2412 | D:3      | Reached skill level 5 in Shields
  2412 | D:3      | Reached XP level 5. HP: 8/46 MP: 4/4
  2903 | D:4      | Got a warped chain mail
  2914 | D:4      | Identified the cursed +0 chain mail of Loss {Int+3} (You found it on level 4 of the Dungeon)
  2970 | D:4      | Reached XP level 6. HP: 53/53 MP: 5/5
  2976 | D:4      | Noticed Robin
  2992 | D:4      | Killed Robin
  3154 | D:4      | Noticed Natasha
  3162 | D:4      | Killed Natasha
  3203 | D:4      | HP: 2/53 [orc wizard/puff of frost (8)]
  3627 | D:4      | Found a staircase to the Ecumenical Temple.
  3692 | D:4      | Reached XP level 7. HP: 60/60 MP: 6/6
  3741 | D:4      | Noticed Llamajah's ghost (amateur MiFi)
  3756 | D:4      | Killed Llamajah's ghost
  3756 | D:4      | Reached skill level 5 in Fighting
  4173 | D:4      | Noticed Natasha
  4180 | D:4      | Killed Natasha
  4187 | D:4      | Noticed Natasha
  4190 | D:4      | Killed Natasha
  4352 | D:5      | Entered Level 5 of the Dungeon
  4447 | D:5      | Reached XP level 8. HP: 68/68 MP: 7/7
  4569 | Temple   | Entered the Ecumenical Temple
  4668 | Temple   | Became a worshipper of Warmaster Okawaru
  4729 | D:5      | Noticed Grinder
  4753 | D:5      | Paralysed by Grinder for 5 turns
  4760 | D:5      | Killed Grinder
  4760 | D:5      | Reached skill level 5 in Dodging
  5351 | D:6      | Reached * piety under Okawaru
  5361 | D:6      | Reached skill level 5 in Axes
  5598 | D:6      | Found a burning altar of Makhleb.
  5896 | D:6      | Reached XP level 9. HP: 58/78 MP: 8/8
  6287 | D:6      | Reached ** piety under Okawaru
  7486 | D:8      | Noticed digitCruncher's ghost (novice DsBe)
  7695 | D:8      | Reached *** piety under Okawaru
  7702 | D:8      | Noticed Psyche
  7712 | D:8      | Reached XP level 10. HP: 50/86 MP: 9/9
  7714 | D:8      | Killed Psyche
  7714 | D:8      | Received a gift from Okawaru
  8075 | D:8      | Found a staircase to the Lair.
  8334 | D:9      | Reached **** piety under Okawaru
  8660 | D:9      | HP: 4/132 [tengu conjurer/dagger (3)]
  8664 | D:9      | Killed from afar by a tengu conjurer

Skill      XL: |  1  2  3  4  5  6  7  8  9 10 |
---------------+-------------------------------+-----
Dodging        | 1 3 4 6 7 8 |  8.4
Armour         | 4 5 6 7 9 |  9.9
Shields        | 4 5 6 7 9 |  9.9
Fighting       | 4 5 6 7 8 |  8.0
Axes           | 3 4 5 6 |  6.4

Action                   |  1- 3 |  4- 6 |  7- 9 | 10-12 || total
-------------------------+-------+-------+-------+-------++-------
Melee: War axe           |    99 |   123 |   212 |       ||   434
       Headbutt          |    12 |    26 |    76 |    25 ||   139
       Broad axe         |       |       |   175 |    79 ||   254
  Use: Potion            |       |     1 |     4 |     1 ||     6
       Scroll            |       |     7 |     3 |       ||    10
  Eat: Chunk             |     3 |     5 |    13 |     4 ||    25
       Royal jelly       |       |       |     1 |       ||     1
Armor: Scale mail        |    29 |    13 |       |       ||    42
       Chain mail        |       |    35 |   136 |    34 ||   205
Dodge: Dodged            |    34 |    39 |   116 |    22 ||   211
Block: Shield            |    37 |    48 |   304 |    94 ||   483
       Reflection        |       |       |     2 |     3 ||     5
